cohdb
Replays
Latest Replays
All Replays
Popular Replays
Top Player Replays
Match Explorer
How It Works
Community
CoH3 Stats
Reddit
Sign in to upload your games and track your stats! →
Sign in with Steam
Match 45537513
Unlisted
Match 45537513
Overview
Messages
Build Orders
End
Construct Barracks
Riflemen Squad
Riflemen Squad
Riflemen Squad
Construct Weapon Support Center
Grenade Package
Selects Assault Carriers
Engineer Squad
Construct Medical Station
Improved M9 Bazooka Rockets
Selects M2HB .50cal Heavy Machine Gun
M1919 Machine Gun Team
Infantry Support Center
Riflemen Squad
Selects Halftrack Strongpoints
M3 Assault Carrier
M1918 Browning Automatic Rifles
Engineer Squad
Munitions Surplus
Selects Gallant Stand
Demolitions Package
Survival Training
Selects Heavy Weapons
Selects Heavy Weapons
CPU - Hard
DangerouslyDumb
CPU - Hard
Monsieur Nathan
0
0
Comments
sign in to comment!
No comments posted yet!